 Dungeon Crawl Stone Soup version 0.31-a0-408-gb642c7f9a3 (webtiles) character file.

Game seed: 12601113737752286804

99 CraigForest the Slasher (level 4, 0/27 HPs)
             Began as a Tengu Gladiator on July 30, 2023.
             Was a Believer of Fedhas.
             Slain by Grinder (6 damage)
             ... on level 3 of the Dungeon.
             The game lasted 00:08:38 (1974 turns).

CraigForest the Slasher (Tengu Gladiator)           Turns: 1974, Time: 00:08:51

Health: 0/27       AC:  4    Str: 15    XL:     4   Next: 72%
Magic:  5/5        EV: 13    Int:  8    God:    Fedhas [**....]
Gold:   94         SH:  0    Dex: 17    Spells: 3/3 levels left

rFire   . . .        a - +0 long sword
rCold   . . .        (no shield)
rNeg    . . .        b - +0 leather armour
rPois   .            c - +0 hat
rElec   .            i - +0 cloak
rCorr   .            (no gloves)
SInv    .            (boots unavailable)
Will    .....        (no amulet)
Stlth   +            (no ring)
HPRegen 0.24/turn    (no ring)
MPRegen 0.09/turn

%: no passive effects
@: no status effects
A: beak, talons 3
a: Renounce Religion, Wall of Briars


You were on level 3 of the Dungeon.
You worshipped Fedhas.
Fedhas was pleased with you.
You visited 1 branch of the dungeon, and saw 3 of its levels.

You collected 94 gold pieces.

Inventory:

Hand Weapons
 a - a +0 long sword (weapon)
 u - a +0 rapier
Missiles
 d - 4 throwing nets (quivered)
 e - a javelin
 q - 2 poisoned darts
Armour
 b - a +0 leather armour (worn)
 c - a +0 hat (worn)
 i - a +0 cloak (worn)
 p - a +0 chain mail
Magical Staves
 l - a staff of cold
Scrolls
 g - a scroll of teleportation
 h - a scroll of enchant armour {unknown}
 j - a scroll of vulnerability {unknown}
 o - a scroll of enchant weapon {unknown}
 r - a scroll of immolation {unknown}
 t - a scroll of blinking {unknown}
Potions
 f - a potion of mutation {unknown}
 k - a potion of heal wounds {unknown}
 m - 2 potions of brilliance {unknown}
 n - a potion of invisibility {unknown}
 s - a potion of enlightenment {unknown}


   Skills:
 + Level 2.5 Fighting
 + Level 4.5 Long Blades
 - Level 2.0 Throwing
 + Level 1.3 Armour
 * Level 4.1 Dodging
 * Level 0.2 Invocations


You had 3 spell levels left.
You didn't know any spells.
Your spell library contained the following spells:

 Spells                   Type           Power      Damage    Failure   Level
 Ensorcelled Hibernation  Hex/Ice        0%         N/A       63%         2
 Anguish                  Hex/Necr       0%         N/A       99%         4


Dungeon Overview and Level Annotations

Branches:
Dungeon (3/15)

Altars:
Fedhas

Annotations:
D:3 Grinder


Innate Abilities, Weirdness & Mutations

You have a beak for a mouth.
You have claws for feet.


Message History

A ball python comes into view.
The ball python hisses angrily.
The ball python barely misses you. The ball python grabs you.
The ball python constricts you. The ball python bites you.
The ball python constricts you.
There is an open door here.
You hit the ball python.
You kill the ball python!
Fedhas appreciates your contribution to the ecosystem.
No target in view!
HP restored.
Found a stone staircase leading up.
Found a scroll labelled VUKOTHRI XI JUI and a rapier.
Found a stone staircase leading down.
t - a scroll labelled VUKOTHRI XI JUI You see here a +0 rapier.
u - a +0 rapier You open the door.
There is an escape hatch in the ceiling here.
There is an escape hatch in the ceiling here.
There is an open door here.
There is a stone staircase leading down here.
You open the door.
There is an open door here.
Grinder comes into view.
Grinder shouts!
Grinder blinks!
You closely miss Grinder. Grinder gestures at you.
Pain shoots through your body!
You hit Grinder.
Grinder is lightly wounded.
Grinder barely misses you.
You barely miss Grinder. You peck Grinder.
Grinder is lightly wounded.
Grinder hits you.
You writhe in agony.
Grinder hits you.
* * * LOW HITPOINT WARNING * * *
You writhe in agony.
You die...
Fedhas appreciates your contribution to the ecosystem.

#.. #.# #### #.#
####... #.# #......
#.# #######.#####
#.# #...##..#...#
#.# #.......#.#.#
##@####....##.#.#.#
#5....'..>.........
#######...###.#.#..
#...# #.#.### #...#
#.#.... #####
#.#.... #.#....
#.##### #......


You could see Grinder.

Vanquished Creatures
  2 adders
  2 worms (D:2)
  3 dart slugs
  An orc (D:3)
  6 ball pythons
  5 bats
  8 endoplasms
  A giant cockroach (D:1)
  4 hobgoblins
  5 jackals (D:1)
  4 quokkas
  6 frilled lizards
  6 goblins
  3 kobolds
  9 rats
65 creatures vanquished.

Notes
Turn   | Place    | Note
-------+----------+-------------------------------------------
     0 | D:1      | CraigForest the Tengu Gladiator began the quest for the
                  | Orb.
     0 | D:1      | Reached XP level 1. HP: 12/12 MP: 2/2
    82 | D:1      | Reached XP level 2. HP: 14/17 MP: 3/3
   108 | D:1      | Found a faded altar of an unknown god.
   130 | D:1      | Prayed at the altar of an unknown god.
   130 | D:1      | Became a worshipper of Fedhas Madash
   130 | D:1      | Reached * piety under Fedhas
   166 | D:1      | Reached XP level 3. HP: 21/21 MP: 4/4
   636 | D:2      | Reached ** piety under Fedhas
   695 | D:2      | Reached XP level 4. HP: 20/27 MP: 5/5
   753 | D:2      | Reached skill level 1 in Armour
  1970 | D:3      | Noticed Grinder
  1974 | D:3      | Slain by Grinder

Illustrated notes

Levels and vault maps discovered:
D:1:      evilmike_arrival_fibonacci_small, layout_rooms,
          ebering_ecumenical_altar_rust, hangedman_feature_mirror
D:2:      layout_basic
D:3:      layout_basic, uniq_grinder

Skill      XL: |  1  2  3  4 |
---------------+-------------+-----
Long Blades    | 4 |  4.5
Dodging        | 4 |  4.1
Armour         | 1 |  1.3
Fighting       | |  2.5
Throwing       | |  2.0
Invocations    | |  0.2

Action                     |  1- 3 |  4- 6 || total
---------------------------+-------+-------++-------
  Melee: Long sword        |    84 |    52 ||   136
         Kick              |    11 |    15 ||    26
         Peck              |     3 |    12 ||    15
         Punch             |       |     1 ||     1
    Use: Scroll            |       |     1 ||     1
   Stab: Sleeping          |     1 |     2 ||     3
 Armour: Leather armour    |    21 |    19 ||    40
  Dodge: Dodged            |    67 |    35 ||   102

Table legend: (Time is in decaauts)
 A = Elapsed time spent in this place.
 B = Non-inter-level travel time spent in this place.
 C = Inter-level travel time spent in this place.
 D = Time resting spent in this place.
 E = Time spent auto-exploring this place.
 F = Levels seen in this place.
 G = Mean time per level.
                   A        B        C        D        E       F      G
               +--------+--------+--------+--------+--------+-----+--------+
         Total |   2000 |   1673 |    327 |      0 |   1285 |   3 |  666.7 |
       Dungeon |   2000 |   1673 |    327 |      0 |   1285 |   3 |  666.7 |
               +--------+--------+--------+--------+--------+-----+--------+

Top non-repeatable levels by time:
     D:2: 814 daAuts
     D:3: 678 daAuts
     D:1: 507 daAuts
